 Dungeon Crawl Stone Soup version 0.30-a0-765-g3161bf10a1 (webtiles) character file.

Game seed: 11393853035889238753

1091 ben123123 the Cleaver (level 8, -2/71 HPs)
             Began as a Hill Orc Cinder Acolyte on Feb 12, 2023.
             Was an Initiate of Ignis.
             Slain by a water moccasin (7 damage)
             ... on level 6 of the Dungeon.
             The game lasted 00:15:38 (5168 turns).

ben123123 the Cleaver (Hill Orc Cinder Acolyte)     Turns: 5168, Time: 00:15:39

Health: -2/71      AC:  2    Str: 19    XL:     8   Next: 31%
Magic:  9/9        EV: 12    Int: 14    God:    Ignis [......]
Gold:   195        SH:  0    Dex:  6    Spells: 9/9 levels left

rFire   + . .      SeeInvis .    a - -1 hand axe (flame)
rCold   . . .      Faith    .    m - orb {*Rage}
rNeg    . . .      Spirit   .    b - +0 robe
rPois   .          Reflect  .    (no helmet)
rElec   .          Harm     .    (no cloak)
rCorr   .          Rampage  .    (no gloves)
Will    .....      Rage     20%  (no boots)
Stlth   +                        (no amulet)
HPRegen 0.31/turn                (no ring)
MPRegen 0.11/turn                (no ring)

@: lethally poisoned (-2 -> -18), on berserk cooldown
A: no striking features
a: Renounce Religion


You were on level 6 of the Dungeon.
You worshipped Ignis.
Ignis was noncommittal.
You visited 2 branches of the dungeon, and saw 7 of its levels.

You collected 234 gold pieces.
You spent 39 gold pieces at shops.

Inventory:

Hand Weapons
 a - a -1 hand axe of flaming (weapon)
Armour
 b - a +0 robe (worn)
 m - an orb of wrath (worn)
 x - the +0 scale mail of the Candlemaker {rElec}
   (You found it on level 5 of the Dungeon)

   rElec:     It insulates you from electricity.
Jewellery
 l - a ring of fire
Wands
 j - a wand of paralysis (11)
Scrolls
 f - 2 scrolls of immolation
 h - a scroll of vulnerability
 n - a scroll of poison
 q - a scroll of enchant armour {unknown}
 u - a scroll of amnesia {unknown}
 v - a scroll of teleportation {unknown}
 w - a scroll of magic mapping {unknown}
Potions
 d - a potion of lignification
 e - a potion of haste {unknown}
 g - a potion of brilliance {unknown}
 i - a potion of invisibility {unknown}
 k - a potion of curing {unknown}
 o - 2 potions of heal wounds
 r - a potion of flight {unknown}
 s - a potion of attraction {unknown}
 t - a potion of cancellation {unknown}


   Skills:
 + Level 6.7 Fighting
 + Level 9.0 Axes
 + Level 3.1 Dodging
 + Level 1.8 Stealth
 + Level 1.0 Spellcasting
 + Level 4.5 Fire Magic


You had 9 spell levels left.
You didn't know any spells.
Your spell library contained the following spells:

 Spells                   Type           Power      Damage    Failure   Level
 Scorch                   Fire           26%        2d6       6%          2
 Portal Projectile        Hex/Tloc       0%         N/A       61%         3
 Tukima's Dance           Hex            0%         N/A       61%         3
 Blade Hands              Tmut           0%         N/A       100%        5


Dungeon Overview and Level Annotations

Branches:
Dungeon (6/15)             Temple (1/1) D:5

Altars:
Cheibriados
Elyvilon
Fedhas
Gozag
Hepliaklqana
Kikubaaqudgha
Nemelex Xobeh
Okawaru
Qazlal
Sif Muna
Trog
Uskayaw
Vehumet
Zin

Shops:
D:2 *?([

Annotations:
D:6 Eustachio


Message History

The water moccasin poisons you!
You slash the water moccasin! You burn the water moccasin.
The water moccasin is moderately wounded.
You feel very sick. The water moccasin bites you!
You barely miss the water moccasin.
The water moccasin is moderately wounded.
You feel very sick. The water moccasin bites you!
You are more poisoned.
The water moccasin poisons you! The water moccasin barely misses you.
You feel extremely sick. The water moccasin bites you!
The water moccasin bites you.
You are lethally poisoned!
The water moccasin poisons you!
* * * LOW HITPOINT WARNING * * *
You feel extremely sick. The water moccasin bites you.
* * * LOW HITPOINT WARNING * * *
The water moccasin attacks as you move away!
The water moccasin bites you but does no damage.
* * * LOW HITPOINT WARNING * * *
You feel extremely sick. The water moccasin barely misses you.
You feel much better.
You feel very sick. The water moccasin bites you.
The sky beast barely misses you. The water moccasin bites you.
* * * LOW HITPOINT WARNING * * *
You are lethally poisoned!
The water moccasin poisons you! The sky beast hits you.
* * * LOW HITPOINT WARNING * * *
The sky beast shocks you.
* * * LOW HITPOINT WARNING * * *
The sky beast attacks as you move away! The sky beast barely misses you.
You feel yourself speed up.
* * * LOW HITPOINT WARNING * * *
You feel extremely sick. The water moccasin bites you!
You die...

################
#######).......^.....#
#......).............#
#.####)#######@####..#
##.#.## ##S#
#.#..#..##+##.Y#
#.#.##....#....#
#.#..##.......##
#.#..)')).....'Y..#
#.#..##.......##..#
###.#[##.........# .#
....###........... #


You could see a water moccasin and a sky beast.

Vanquished Creatures
  2 water moccasins (D:6)
  A centaur (D:5)
  A bullfrog (D:5)
  2 scorpions
  A necrophage (D:4)
  A howler monkey (D:5)
  3 jellies
  2 orc priests (D:4)
  3 hounds
  Ijyb (D:3)
  3 orc wizards
  11 adders
  2 shadow imps (D:5)
  A white imp (D:5)
  3 worms (D:4)
  16 orcs
  10 ball pythons
  3 bats
  2 endoplasms
  A giant cockroach (D:1)
  7 goblins
  4 hobgoblins
  A quokka (D:4)
  2 frilled lizards (D:3)
  6 kobolds
  2 rats (D:2)
91 creatures vanquished.

Vanquished Creatures (others)
  41 foxfires
41 creatures vanquished.

Grand Total: 132 creatures vanquished

Notes
Turn   | Place    | Note
-------+----------+-------------------------------------------
     0 | D:1      | ben123123 the Hill Orc Cinder Acolyte began the quest for
                  | the Orb.
     0 | D:1      | Reached XP level 1. HP: 19/19 MP: 2/2
   113 | D:1      | Reached XP level 2. HP: 22/27 MP: 3/3
   170 | D:1      | You fall into a shaft and drop 1 floor!
   237 | D:2      | Found Cueph's Armour Boutique.
   290 | D:2      | Found Ycwahoum's Weapon Shoppe.
   300 | D:2      | Found Cex Xuseus's Armour Shoppe.
   323 | D:2      | Found Zippiph's Magic Scroll Boutique.
   328 | D:2      | Reached XP level 3. HP: 33/33 MP: 4/4
   333 | D:2      | Bought a scroll of identify for 20 gold pieces
   574 | D:2      | Reached skill level 5 in Axes
   686 | D:2      | Found Inirch's Assorted Antiques.
   695 | D:2      | Bought an emerald potion for 19 gold pieces
  1272 | D:3      | Noticed Ijyb
  1277 | D:3      | Killed Ijyb
  1278 | D:3      | Reached XP level 4. HP: 41/41 MP: 5/5
  1870 | D:4      | Reached XP level 5. HP: 47/47 MP: 6/6
  1872 | D:4      | Reached skill level 1 in Dodging
  2028 | D:4      | Reached skill level 6 in Axes
  2028 | D:4      | Reached XP level 6. HP: 45/55 MP: 7/7
  2270 | D:4      | Found a shimmering blue altar of Sif Muna.
  2278 | D:4      | Reached skill level 5 in Fighting
  2364 | D:4      | Found a glowing drain.
  3066 | D:5      | Entered Level 5 of the Dungeon
  3180 | D:5      | Found a staircase to the Ecumenical Temple.
  3280 | D:5      | Reached skill level 7 in Axes
  3280 | D:5      | Reached XP level 7. HP: 60/61 MP: 8/8
  3626 | D:5      | Identified the +0 scale mail of the Candlemaker {rElec}
  3710 | D:5      | Reached skill level 1 in Stealth
  4269 | D:6      | Noticed Eustachio
  4308 | Temple   | Entered the Ecumenical Temple
  4765 | D:6      | Reached skill level 8 in Axes
  4869 | D:6      | Reached XP level 8. HP: 71/71 MP: 9/9
  4956 | D:6      | Reached skill level 9 in Axes
  5166 | D:6      | HP: 3/71 [poisoned by a water moccasin]
  5168 | D:6      | Slain by a water moccasin

Illustrated notes

Levels and vault maps discovered:
D:1:      roderic_chinese_lattice_arrival, layout_loops_ring, serial_shops,
          shop, hangedman_abyss_or_decor_lesser_grid
D:2:      layout_basic, serial_shops, shop, nicolae_shop_stone,
          nicolae_shop_overgrown_old_shop, shop,
          nicolae_shop_temple_entry_statues_fountains, serial_rivers,
          chequers_serial_rivers_small_3, chequers_serial_rivers_small_b,
          chequers_serial_rivers_micro_e, chequers_serial_rivers_small_b,
          chequers_serial_rivers_micro_b, chequers_serial_rivers_room_b
D:3:      layout_basic, wad_floor_pattern_untrapped, uniq_ijyb
D:4:      minmay_opposing_rooms, layout_loops_ring,
          mainiacjoe_overflow_tiny_flanked, portal_sewer_entry_c
D:5:      layout_basic, minmay_temple_entry_statues_fountains,
          serial_bayou_crossing
D:6:      layout_rooms, grunt_decor_clamped, minmay_pentangle, uniq_grinder,
          uniq_eustachio
Temple:   compressed_dpeg_triangle_lava_temple

Skill      XL: |  1  2  3  4  5  6  7  8 |
---------------+-------------------------+-----
Fighting       | 4 5 6 |  6.7
Axes           | 5 6 7 8 9 |  9.0
Fire Magic     | 4 |  4.5
Dodging        | 1 2 3 |  3.1
Stealth        | 1 |  1.8
Spellcasting   | |  1.0

Action                     |  1- 3 |  4- 6 |  7- 9 || total
---------------------------+-------+-------+-------++-------
  Melee: Hand axe          |    81 |   107 |   116 ||   304
 Invoke: Fiery Armour      |     3 |     4 |       ||     7
         Foxfire Swarm     |     2 |     2 |       ||     4
         Rising Flame      |       |       |     1 ||     1
    Use: Scroll            |       |       |     4 ||     4
         Potion            |       |       |     4 ||     4
 Armour: Robe              |    34 |    29 |    23 ||    86
         Skin              |       |       |    14 ||    14
  Dodge: Dodged            |    46 |    59 |    76 ||   181

Table legend: (Time is in decaauts)
 A = Elapsed time spent in this place.
 B = Non-inter-level travel time spent in this place.
 C = Inter-level travel time spent in this place.
 D = Time resting spent in this place.
 E = Time spent auto-exploring this place.
 F = Levels seen in this place.
 G = Mean time per level.
                   A        B        C        D        E       F      G
               +--------+--------+--------+--------+--------+-----+--------+
         Total |   5224 |   5036 |    188 |    499 |   3424 |   7 |  746.3 |
       Dungeon |   4899 |   4711 |    188 |    499 |   3424 |   6 |  816.5 |
        Temple |    325 |    325 |      0 |      0 |      0 |   1 |  325.0 |
               +--------+--------+--------+--------+--------+-----+--------+

Top non-repeatable levels by time:
     D:5: 1361 daAuts
     D:4: 1234 daAuts
     D:3: 875 daAuts
     D:2: 796 daAuts
     D:6: 459 daAuts
  Temple: 325 daAuts
     D:1: 171 daAuts
